 Dungeon Crawl Stone Soup version 0.22-a0-149-g870e420 (webtiles) character file.

7 Amnesiac the Magician (level 1, -1/13 HPs)
             Began as a Mummy Earth Elementalist on Feb 7, 2018.
             Slain by a jackal (3 damage)
             ... on level 1 of the Dungeon.
             The game lasted 00:01:04 (245 turns).

Amnesiac the Magician (Mummy Earth Elementalist)     Turns: 245, Time: 00:01:05

Health: -1/13      AC:  6    Str: 11    XL:     1   Next: 91%
Magic:  4/4        EV: 11    Int: 14    God:
Gold:   12         SH:  0    Dex: 12    Spells: 4/5 levels left

rFire    x . .     SeeInvis .   c - +0 club
rCold    + . .     Gourm    .   (no shield)
rNeg     + + +     Faith    .   e - +3 leather armour
rPois    ∞         Spirit   .   (no helmet)
rElec    .         Reflect  .   (no cloak)
rCorr    .         Harm     .   (no gloves)
MR       .....                  (no boots)
Stlth    +.........             (no amulet)
HPRegen  0.04/turn              (no ring)
MPRegen  0.09/turn              (no ring)

@: no status effects
A: no food or potions, fire vulnerability, cold resistance 1, negative energy
resistance 3, torment resistance, unbreathing
a: no special abilities


You were on level 1 of the Dungeon.
You were not hungry.

You visited 1 branch of the dungeon, and saw 1 of its levels.

You collected 12 gold pieces.

Inventory:

Hand Weapons
 c - a +0 club (weapon)
Missiles
 b - 27 stones (quivered)
Armour
 a - a +0 robe of resistance
 e - a +3 leather armour (worn)
Scrolls
 f - a scroll of teleportation {!r, unknown}
Books
 d - a book of Geomancy

   Spells                             Type                      Level
   a - Sandblast                      Earth                        1
   b - Passwall                       Transmutation/Earth          2
   c - Stone Arrow                    Conjuration/Earth            3
   d - Petrify                        Transmutation/Earth          4
   e - Lee's Rapid Deconstruction     Earth                        5


   Skills:
 - Level 1.5 Dodging
 - Level 1.5 Stealth
 + Level 2.8 Spellcasting
   Level 0.7 Transmutations
 * Level 2.8 Earth Magic


You had 4 spell levels left.
You knew the following spells:

 Your Spells              Type           Power        Failure   Level  Hunger
a - Sandblast             Erth           #.....       9%          1    N/A

Dungeon Overview and Level Annotations

Branches:
Dungeon (1/15)

Altars:


Innate Abilities, Weirdness & Mutations

You do not eat or drink.
Your flesh is vulnerable to fire.
You are immune to poison.
Your flesh is cold resistant. (rC+)
You are immune to negative energy. (rN+++)
You are immune to unholy pain and torment.
You can survive without breathing.


Message History

Aiming: Sandblast (safe; 10% risk of failure)
Press: ? - help, Shift-Dir - straight line, f/p - hobgoblin
Aim: a hobgoblin, wielding a club (heavily wounded)
The blast of sand hits the hobgoblin.
You kill the hobgoblin!
b - 27 stones
Casting: Sandblast (safe; 10% risk of failure)
Confirm with . or Enter, or press ? or * to list all spells.
You don't have enough magic to cast that spell.
Casting: Sandblast (safe; 10% risk of failure)
Confirm with . or Enter, or press ? or * to list all spells.
You don't have enough magic to cast that spell.
You start resting.
HP restored.
You start resting.
You start resting.
Magic restored.
Things that are here:
a +0 robe; an enchanted short sword You see here a club.
A jackal comes into view.
A jackal is nearby!
A jackal comes into view.
The jackal barks!
Found a scroll labeled LIUDA KUCW.
A jackal comes into view.
You see here a club.
c - a club The jackal bites you. x2
Wield which item (- for none, * to show all)? (? for menu, Esc to quit)
c - a +0 club (weapon)
You closely miss the jackal. The jackal completely misses you.
The jackal barely misses you.
You hit the jackal but do no damage. The jackal bites you.
The jackal closely misses you.
You closely miss the jackal.
The jackal bites you but does no damage.
The jackal closely misses you.
You hit the jackal.
The jackal is lightly wounded.
The jackal misses you.
The jackal bites you but does no damage.
You hit the jackal but do no damage.
The jackal bites you but does no damage.
The jackal barely misses you.
You hit the jackal.
The jackal is severely wounded.
The jackal closely misses you.
You hit the jackal.
You kill the jackal!
You closely miss the jackal. The jackal barely misses you.
The jackal closely misses you.
You barely miss the jackal. The jackal bites you.
* * * LOW HITPOINT WARNING * * *
The jackal bites you.
* * * LOW HITPOINT WARNING * * *
You hit the jackal but do no damage. The jackal closely misses you.
The jackal barely misses you.
The jackal barks!
You are too injured to fight recklessly!
You closely miss the jackal. The jackal bites you.
* * * LOW HITPOINT WARNING * * *
The jackal bites you.
You die...

### ..# # ...
.# #.# .. #
#.# ...
#...#####.###
...
#.....h.....#
...
#h.######h#.#
... #@#.# ...
##..######h#.#
...
...........[.#
.#
.....###.#####
... ##.#.# #.#
.#. #.# #.#
... .
#.###.######.
... #.
#.##........#
... .#..##
#.##..######.
...


You could see 2 jackals.

Vanquished Creatures
  A leopard gecko (D:1)
  A goblin (D:1)
  A hobgoblin (D:1)
  A jackal (D:1)
  A kobold (D:1)
5 creatures vanquished.

Notes
Turn   | Place    | Note
-------+----------+-------------------------------------------
     0 | D:1      | Amnesiac the Mummy Earth Elementalist began the quest for the Orb.
     0 | D:1      | Reached XP level 1. HP: 13/13 MP: 4/4
   245 | D:1      | Slain by a jackal

Vault maps used:
D:1:      co_arrival_square_in_a_square_in_a_square

Action                   || total
-------------------------++-------
Melee: Club              ||    11
       Unarmed           ||     3
 Cast: Sandblast         ||     8
Armor: Leather armour    ||     3
Dodge: Dodged            ||    17

Table legend:
 A = Spawn XP
 B = Non-spawn XP
 C = Spawn XP percentage of total XP
 D = Spawn monster count
 E = Non-spawn monster count
 F = Spawn count percentage of total count
 G = Total turns spent on level
                    A         B        C        D         E        F      G
               +---------+---------+-------+---------+---------+-------+---------
         Total |       0 |      11 |   0.0 |       0 |       5 |   0.0 |   245
               +---------+---------+-------+---------+---------+-------+---------
           D:1 |       0 |      11 |   0.0 |       0 |       5 |   0.0 |   245
               +---------+---------+-------+---------+---------+-------+---------
